 Dungeon Crawl Stone Soup version 0.26-a0-660-gc07710193c (webtiles) character file.

Game seed: 10351067228313561590

310630 dr0g0th the Hoplite (level 20, -16/198 HPs)
             Began as a Minotaur Fighter on Oct 1, 2020.
             Was the Champion of Okawaru.
             Demolished by a deep elf blademaster
             ... wielding a +0 rapier
              (18 damage)
             ... on level 3 of the Elven Halls on Oct 7, 2020.
             The game lasted 01:34:58 (35762 turns).

dr0g0th the Hoplite (Minotaur Fighter)             Turns: 35762, Time: 01:34:58

Health: -16/198    AC: 30    Str: 28    XL:     20   Next: 40%
Magic:  21/21      EV: 15    Int: 11    God:    Okawaru [******]
Gold:   3405       SH: 29    Dex: 32    Spells: 19/19 levels left

rFire    + . .     SeeInvis .   R - +11 demon blade of Okawaru {elec, Int+2}
rCold    + . .     Faith    .   C - +2 tower shield {reflect}
rNeg     + + .     Spirit   .   Y - +3 storm dragon scales {Bai Suzhen}
rPois    +         Reflect  +   (helmet unavailable)
rElec    +         Harm     .   W - scarf {rC+ rF+}
rCorr    +         Rampage  .   b - +2 pair of gloves "Irym" {+Fly rElec MR+ rCorr Dex+9}
MR       +++..                  i - +2 pair of boots of the Forest {Dex+5 Stlth-}
Stlth    ..........             P - amulet "Odghut" {RegenMP rPois Int+4}
HPRegen  0.43/turn              c - ring of protection from magic
MPRegen  0.42/turn              k - ring "Ryoreer" {rElec rN++ Dex+6 Stlth+}

@: silence
A: retaliatory headbutt, horns 3, yellow scales 1, evolution 1, no potion heal 1
}: 2/15 runes: serpentine, barnacled
a: Renounce Religion, Evoke Flight


You were on level 3 of the Elven Halls.
You worshipped Okawaru.
Okawaru was exalted by your worship.
You visited 7 branches of the dungeon, and saw 35 of its levels.
You visited the Abyss 1 time.
You also visited: Gauntlet and Ice Cave.

You collected 4235 gold pieces.
You spent 830 gold pieces at shops.

Inventory:

Hand Weapons
 w - a +3 great sword of holy wrath
 F - a +5 triple sword of venom
 R - the +11 demon blade of Okawaru (weapon) {elec, Int+2}
   (Okawaru gifted it to you on level 13 of the Dungeon)

   Occasionally, upon striking a foe, it will discharge some electrical energy
   and cause terrible harm.
   It affects your intelligence (+2).
 T - the +6 hunting sling "Haeporog" {venom, Int-3 Dex+5}
   (You found it in an ice cave)

   It poisons the ammo it fires.
   It affects your intelligence (-3).
   It affects your dexterity (+5).
 X - a +6 antimagic demon blade
Armour
 b - the +2 pair of gloves "Irym" (worn) {+Fly rElec MR+ rCorr Dex+9}
   (You acquired it on level 7 of the Dungeon)

   It affects your dexterity (+9).
   It insulates you from electricity.
   It affects your resistance to hostile enchantments.
   It lets you fly.
   It provides partial protection from all sources of acid and corrosion.
 i - the +2 pair of boots of the Forest (worn) {Dex+5 Stlth-}
   (You found it in a Gauntlet)

   It affects your dexterity (+5).
   It makes you less stealthy.
 C - a +2 tower shield of reflection (worn)
 W - a scarf of resistance (worn)
 Y - +3 storm dragon scales (worn) {Bai Suzhen}
Jewellery
 a - a +4 ring of slaying
 c - a ring of protection from magic (left hand)
 k - the ring "Ryoreer" (right hand) {rElec rN++ Dex+6 Stlth+}
   (You found it on level 1 of the Orcish Mines)

   [ring of dexterity]

   It affects your dexterity (+6).
   It insulates you from electricity.
   It greatly protects you from negative energy.
   It makes you more stealthy.
 l - an uncursed ring of fire
 m - an uncursed ring of wizardry {unknown}
 n - an uncursed amulet of regeneration
 P - the amulet "Odghut" (around neck) {RegenMP rPois Int+4}
   (You bought it in a shop on level 3 of the Snake Pit)

   [amulet of magic regeneration]

   It increases your magic regeneration.
   It affects your intelligence (+4).
   It protects you from poison.
 S - an uncursed ring of protection from magic
 V - an uncursed ring of see invisible
Wands
 s - a wand of digging (12)
 J - a wand of disintegration (50)
 K - a wand of random effects (24)
Scrolls
 d - 12 scrolls of remove curse
 e - 8 scrolls of enchant armour
 g - 12 scrolls of teleportation
 r - 4 scrolls of fog
 x - a scroll of blinking
 y - 5 scrolls of enchant weapon
 D - a scroll of summoning
 H - a scroll of amnesia
Potions
 f - 4 potions of brilliance
 h - 16 potions of curing
 j - 6 potions of stabbing
 o - 2 potions of magic
 q - 7 potions of haste
 u - 4 potions of ambrosia
 v - a potion of berserk rage
 z - 3 potions of cancellation
 G - a potion of might
 O - 5 potions of flight
Miscellaneous
 t - a condenser vane (2/2)
 A - a tin of tremorstones (3/3)
 B - a box of beasts (3/3)
 L - a phial of floods
 M - a tin of tremorstones (3/3)
 N - a box of beasts (3/3)
 Q - a phial of floods


   Skills:
 + Level 21.1 Fighting
 + Level 21.2 Long Blades
 + Level 17.6 Armour
 + Level 5.7 Dodging
 + Level 2.6 Stealth
 + Level 22.8 Shields
 + Level 3.4 Invocations
 + Level 0.8 Evocations


You had 19 spell levels left.
You didn't know any spells.
Your spell library contained the following spells:

 Spells                   Type           Power        Failure   Level
 Animate Skeleton         Necr           #.....       82%         1
 Apportation              Tloc           #.....       82%         1
 Corona                   Hex            #......      82%         1
 Magic Dart               Conj           #...         82%         1
 Pain                     Necr           #...         82%         1
 Shock                    Conj/Air       #...         82%         1
 Summon Small Mammal      Summ           #...         82%         1
 Corpse Rot               Necr/Air       N/A          91%         2
 Ensorcelled Hibernation  Hex/Ice        #.....       91%         2
 Poisonous Vapours        Pois/Air       #.....       91%         2
 Searing Ray              Conj           #.....       91%         2
 Slow                     Hex            #.......     91%         2
 Swiftness                Air            #.......     91%         2
 Confusing Touch          Hex            #.......     99%         3
 Conjure Flame            Conj/Fire      #.......     99%         3
 Dazzling Flash           Conj/Hex       #.....       99%         3
 Gell's Gravitas          Tloc           #.........   99%         3
 Mephitic Cloud           Conj/Pois/Air  #.......     99%         3
 Portal Projectile        Hex/Tloc       #.....       99%         3
 Static Discharge         Conj/Air       #.......     99%         3
 Stone Arrow              Conj/Erth      #.....       99%         3
 Tukima's Dance           Hex            #.......     99%         3
 Vampiric Draining        Necr           #.........   99%         3
 Airstrike                Air            #.........   100%        4
 Animate Dead             Necr           #.........   100%        4
 Fulminant Prism          Conj/Hex       #.........   100%        4
 Hailstorm                Conj/Ice       #.......     100%        4
 Iskenderun's Mystic Bla  Conj/Tloc      #.......     100%        4
 Petrify                  Tmut/Erth      #.......     100%        4
 Agony                    Necr           #.......     100%        5
 Borgnjor's Vile Clutch   Necr/Erth      #.........   100%        5
 Lightning Bolt           Conj/Air       #.........   100%        5
 Metabolic Englaciation   Hex/Ice        #.........   100%        5
 Summon Forest            Summ/Tloc      #.........   100%        5
 Yara's Violent Unravell  Hex/Tmut       #.........   100%        5
 Death Channel            Necr           #.........   100%        6
 Dispersal                Tloc           #.........   100%        6
 Eringya's Noxious Bog    Tmut/Pois      #.........   100%        6
 Freezing Cloud           Conj/Ice/Air   #.........   100%        6
 Hydra Form               Tmut           #.........   100%        6
 Simulacrum               Ice/Necr       #.........   100%        6
 Summon Hydra             Summ           #.........   100%        7
 Disjunction              Tloc           #.........   100%        8


Dungeon Overview and Level Annotations

Branches:
Dungeon (15/15)            Temple (1/1) D:4            Lair (6/6) D:10
 Shoals (4/4) Lair:4        Snake (4/4) Lair:2        Slime (0/5) Lair:6
    Orc (2/2) D:11            Elf (3/3) Orc:2        Vaults (0/5) D:13
 Depths (0/5) D:15          IceCv (visited)         Gauntlet (visited)

Altars:
Cheibriados
Dithmenos
Elyvilon
Fedhas
Hepliaklqana
Kikubaaqudgha
Makhleb
Nemelex Xobeh
Okawaru
Qazlal
Ru
Trog
Vehumet
Wu Jian
Xom
Yredelemnul
Zin
The Shining One
Beogh

Shops:
D:4 *   D:8 *   D:10 }   D:13 *   Orc:2 !(}*   Snake:3 }==

Annotations:
D:14 1 runed translucent door, Ficoysum's ghost, journeyman GnWn


Innate Abilities, Weirdness & Mutations

You reflexively headbutt those who attack you in melee.
You have a pair of large horns on your head.
You are partially covered in yellow scales. (AC +2)
You evolve.
Potions are less effective at restoring your health.


Message History

The deep elf elementalist gestures at the deep elf death mage while chanting.
Your system partially rejects the healing.
You feel much better.
The deep elf sorcerer seems less brilliant.
You block the deep elf blademaster's attack. x2
The ghostly deep elf master archer shoots an arrow.
The arrow hits you!!
* * * LOW HITPOINT WARNING * * *
The deep elf sorcerer hits you but does no damage.
The ghostly deep elf master archer shoots an arrow.
You reflect the arrow off your +2 tower shield of reflection!
The arrow hits the ghostly deep elf master archer!!!
You destroy the ghostly deep elf master archer!
Okawaru accepts your kill.
The deep elf sorcerer is empowered by the deep elf high priest's aura!
The deep elf mage is empowered by the deep elf high priest's aura!
The deep elf mage seems less brilliant.
You block the deep elf blademaster's attack.
The deep elf blademaster hits you with a +0 rapier!!
You die...

*,,,,,,,........#.....(,,,,,,,,,*
*,,,,,,,.(.....###..e...,,,,,,,,*
*,,,,,,,..e.....#...E...,,,,,,,,*
,,,,,,,,................,,,,,,,,,
,,,,,,,,..e.....*E......,,,,,,,,,
,,,,,,,,..e...eeeEe.....,,,,,,,,,
,,,,,,,,,**#.eeeee...#**,,,,,,,,,
,,,,,,,*** **#e(ee.#** ***,,,,,,,
**,,,*** ###@### ***,,,** *****
#.# ***** #.# #.# #.# #.# #.# #.#
#.#


You could see 2 deep elf blademasters, a ghostly deep elf blademaster, a deep
elf master archer, a deep elf annihilator (empowered), 3 deep elf death magi, a
deep elf sorcerer (empowered), a deep elf elementalist (empowered, repels
missiles), 2 deep elf high priests, 2 earth elementals, a water elemental, 4
deep elf magi and a battlesphere.

Vanquished Creatures
  Bai Suzhen (Snake:4)
  Saint Roka (Orc:2)
  Nikola (Snake:1)
  Rupert (Orc:2)
  The ghost of Psyclone the Warrior, an adept OpCj of Gozag (Snake:4)
  2 deep elf master archers (Elf:3)
  A kraken (Shoals:2)
  Gastronok (Orc:1)
  A tentacled starspawn (Abyss:3)
  Kirke (Shoals:1)
  A daeva (D:14)
  11 nagarajas
  A deep elf sorcerer (Elf:3)
  Aizul (Snake:1)
  The ghost of duckroller the Severer, a journeyman HOMo of Beogh (Orc:1)
  2 deep elf annihilators (Elf:3)
  A dire elephant (Lair:6)
  A minotaur (Gauntlet)
  2 merfolk javelineers
  A fire dragon (D:9)
  6 merfolk impalers
  8 vault guards (D:13)
  14 naga warriors
  A hell beast (Gauntlet)
  An ice dragon (Lair:4)
  2 rakshasas (D:15)
  5 hydras
  3 alligator snapping turtles
  A merfolk avatar (Shoals:1)
  3 centaur warriors
  A death knight (D:14)
  4 two-headed ogres
  12 anacondas
  6 merfolk aquamancers
  An ogre mage (D:15)
  A tengu warrior (D:15)
  22 dancing weapons
  11 naga sharpshooters
  An orc high priest (Elf:1)
  6 shock serpents
  2 thrashing horrors (Abyss:3)
  A fire crab (shapeshifter) (D:15)
  23 deep elf knights
  Sonja (Orc:2)
  3 salamander mystics (Snake:4)
  2 spatial maelstroms (Abyss:3)
  16 sea snakes
  A skeletal warrior (D:14)
  2 unseen horrors (D:12)
  A shadow wraith (Abyss:3)
  26 deep elf archers
  An orange crystal statue (Gauntlet)
  6 lindwurms
  A phantasmal warrior (D:14)
  12 naga ritualists
  Pikel (D:7)
  36 harpies
  12 orc knights
  A wolf spider zombie (D:14)
  55 deep elf magi
  A wolf spider (Lair:6)
  14 mana vipers
  6 cyclopes
  A wolf spider (shapeshifter) (D:15)
  14 ugly things
  6 orc sorcerers
  9 salamanders
  An oklob plant (D:14)
  8 slime creatures
  11 fauns
  10 elephants
  5 merfolk sirens
  7 guardian serpents
  11 manticores
  Psyche (D:8)
  2 gargoyles
  An elephant (shapeshifter) (Elf:1)
  2 ice statues (IceCv)
  45 black mambas
  11 naga magi
  An apocalypse crab (Abyss:3)
  3 water nymphs
  Maggie (Lair:2)
  4 centaur skeletons
  14 cane toads
  2 efreet
  2 komodo dragons (shapeshifter)
  2 freezing wraiths
  2 kobold demonologists
  2 rime drakes (Lair:6)
  A spectral naga (Snake:4)
  8 komodo dragons
  An anaconda simulacrum (Snake:4)
  10 trolls
  A polar bear (shapeshifter) (D:15)
  An ancient zyme (Abyss:3)
  39 merfolk
  3 wind drakes
  12 polar bears
  A raiju (Lair:6)
  9 blink frogs
  2 hornets (Lair:6)
  A blink frog (shapeshifter) (D:15)
  9 snapping turtles
  4 dream sheep (Lair:6)
  11 removed hippogriffs
  2 spectral black mambas (Snake:4)
  6 flying skulls (Abyss:3)
  3 redbacks (Lair:6)
  15 water elementals
  2 centaur simulacra
  6 starcursed masses (Abyss:3)
  2 shadows
  Sigmund (D:6)
  3 air elementals
  14 wyverns
  54 yaks
  4 basilisks
  A wyvern (shapeshifter) (D:15)
  3 fire elementals
  3 hogs (Shoals:1)
  3 wraiths
  3 naga simulacra (Snake:4)
  A steam dragon (D:13)
  A chaos spawn (Abyss:3)
  9 vampire mosquitoes
  A neqoxec (Abyss:3)
  Menkaure (D:7)
  A spatial vortex (Abyss:3)
  2 large abominations (Abyss:3)
  Edmund (D:4)
  9 wargs
  2 soldier ants
  12 removed porcupines
  2 small abominations (Abyss:3)
  20 water moccasins
  65 nagas
  16 hell hounds (Lair:6)
  A floating eye (Elf:2)
  A guardian serpent simulacrum (Snake:4)
  5 phantoms
  47 orc warriors
  3 sky beasts
  16 ice beasts
  16 black bears
  2 necrophages
  3 black mamba simulacra (Snake:4)
  14 ogres
  4 eyes of draining
  25 centaurs
  4 boggarts (D:15)
  26 wolves
  6 removed crocodiles
  8 big kobolds
  Blork the orc (D:6)
  13 bullfrogs
  A gnoll sergeant (Orc:2)
  A wyvern zombie (D:14)
  4 earth elementals (Elf:1)
  A wyvern skeleton (D:9)
  3 scorpions
  19 wights
  4 killer bees (D:7)
  2 centaur zombies
  4 electric eels (D:13)
  Crazy Yiuf (D:4)
  17 orc priests
  3 hounds
  An iron imp (Abyss:3)
  14 jellies
  4 bullfrog skeletons
  4 iguanas
  Natasha (D:2)
  31 orc wizards
  12 hell rats
  12 worker ants
  A killer bee zombie (D:9)
  2 hound skeletons
  A hound zombie (D:5)
  8 gnolls
  A howler monkey skeleton (D:6)
  13 adders
  2 shadow imps
  5 white imps
  3 ufetubi
  14 oozes (D:14)
  2 adder zombies
  5 dart slugs
  6 leopard geckos
  109 orcs
  A ball python (Lair:2)
  3 giant cockroaches
  5 goblins
  11 hobgoblins
  18 jackals
  A quokka (D:3)
  A ball python zombie (D:5)
  6 bats
  5 frilled lizards
  37 kobolds
  A leopard gecko skeleton (D:4)
  A quokka skeleton (D:4)
  6 rats
  3 tentacles (Shoals:2)
1530 creatures vanquished.

Vanquished Creatures (others)
  A nagaraja (Snake:4)
  A deep elf knight (Elf:1)
  A salamander mystic (Snake:4)
  An unseen horror (D:15)
  A deep elf mage (Elf:2)
  A small abomination (Abyss:3)
  An orc (Orc:2)
  26 fungi
  95 plants
  4 tentacles (Shoals:2)
132 creatures vanquished.

Grand Total: 1662 creatures vanquished

Notes
Turn   | Place    | Note
-------+----------+-------------------------------------------
     0 | D:1      | dr0g0th the Minotaur Fighter began the quest for the Orb.
     0 | D:1      | Reached XP level 1. HP: 19/19 MP: 0/0
    90 | D:1      | Reached XP level 2. HP: 25/27 MP: 1/1
   370 | D:1      | Reached XP level 3. HP: 29/33 MP: 2/2
   427 | D:1      | You fall into a shaft and drop 1 floor!
  1149 | D:2      | Found a sparkling altar of Nemelex Xobeh.
  1223 | D:2      | Reached skill level 4 in Shields
  1351 | D:2      | Reached XP level 4. HP: 37/40 MP: 3/3
  1749 | D:2      | Noticed Natasha
  1762 | D:2      | Killed Natasha
  2279 | D:3      | Reached XP level 5. HP: 47/47 MP: 4/4
  2288 | D:3      | Reached skill level 5 in Long Blades
  2350 | D:3      | Found a burning altar of Makhleb.
  2394 | D:3      | Noticed an orc warrior
  2404 | D:3      | Killed an orc warrior
  2512 | D:3      | Reached XP level 6. HP: 53/53 MP: 5/5
  2948 | D:4      | Reached skill level 1 in Dodging
  2960 | D:4      | Reached skill level 5 in Fighting
  2960 | D:4      | Reached skill level 5 in Shields
  2965 | D:4      | Reached skill level 5 in Armour
  2965 | D:4      | Reached XP level 7. HP: 43/61 MP: 6/6
  3104 | D:4      | Found a sparkling altar of Nemelex Xobeh.
  3240 | D:4      | Noticed Edmund
  3249 | D:4      | Killed Edmund
  3338 | D:4      | Found Pium's Elemental Accessories.
  3378 | D:4      | Found a staircase to the Ecumenical Temple.
  3389 | Temple   | Entered the Ecumenical Temple
  3397 | Temple   | Became a worshipper of Warmaster Okawaru
  3749 | D:4      | Found a runed translucent door.
  3750 | D:4      | Noticed Crazy Yiuf
  3756 | D:4      | Killed Crazy Yiuf
  3790 | D:5      | Entered Level 5 of the Dungeon
  3790 | D:5      | Found a sparkling altar of Nemelex Xobeh.
  4109 | D:5      | Reached XP level 8. HP: 67/68 MP: 7/7
  4390 | D:5      | Reached skill level 6 in Shields
  4507 | D:5      | Reached * piety under Okawaru
  4608 | D:5      | Found a hazy altar of Hepliaklqana.
  4609 | D:5      | Found a shadowy altar of Dithmenos.
  4950 | D:6      | Found a glowing golden altar of the Shining One.
  4950 | D:6      | Found a sparkling altar of Nemelex Xobeh.
  4950 | D:6      | Found a snail-covered altar of Cheibriados.
  4967 | D:6      | Found a bloodstained altar of Trog.
  4969 | D:6      | Found a white marble altar of Elyvilon.
  4970 | D:6      | Found an ancient bone altar of Kikubaaqudgha.
  5039 | D:6      | Found a radiant altar of Vehumet.
  5085 | D:6      | Found a stormy altar of Qazlal.
  5089 | D:6      | Noticed Sigmund
  5091 | D:6      | Found a blossoming altar of Fedhas.
  5123 | D:6      | Noticed Blork the orc
  5127 | D:6      | Killed Sigmund
  5140 | D:6      | Killed Blork the orc
  5449 | D:7      | Reached ** piety under Okawaru
  5474 | D:7      | Reached skill level 10 in Long Blades
  5474 | D:7      | Reached XP level 9. HP: 63/78 MP: 8/8
  5514 | D:7      | Noticed Menkaure
  5522 | D:7      | Killed Menkaure
  5522 | D:7      | Reached skill level 7 in Shields
  5664 | D:7      | Identified a scroll of acquirement
  5664 | D:7      | Acquired the +2 pair of gloves "Irym" {+Fly rElec MR+ rCorr
                  | Dex+9}
  5817 | D:7      | Found a basalt altar of Yredelemnul.
  5860 | D:7      | Noticed Pikel
  5870 | D:7      | Killed Pikel
  5870 | D:7      | Reached *** piety under Okawaru
  5870 | D:7      | Reached skill level 8 in Shields
  6525 | D:8      | Noticed Psyche
  6532 | D:8      | Killed Psyche
  6614 | D:8      | Found Woufrewu's Changing Room.
  6625 | D:8      | Bought a potion of mutation for 128 gold pieces
  6934 | D:9      | Reached XP level 10. HP: 58/86 MP: 9/9
  7031 | D:9      | Reached skill level 9 in Shields
  7039 | D:9      | Reached **** piety under Okawaru
  7068 | D:9      | Reached skill level 10 in Fighting
  7068 | D:9      | Reached skill level 10 in Armour
  7068 | D:9      | Reached XP level 11. HP: 100/100 MP: 10/10
  7069 | D:9      | Gained mutation: You are agile. (Dex +2) [potion of
                  | mutation]
  7069 | D:9      | Gained mutation: Your spells are a little harder to cast,
                  | but a little more powerful. [potion of mutation]
  7473 | D:9      | Noticed a fire dragon
  7474 | D:9      | Noticed a centaur warrior
  7486 | D:9      | Killed a fire dragon
  7496 | D:9      | Killed a centaur warrior
  7496 | D:9      | Reached ***** piety under Okawaru
  7937 | D:10     | Entered Level 10 of the Dungeon
  7949 | D:10     | Noticed a soul eater
  8113 | D:10     | Reached skill level 10 in Shields
  8134 | D:10     | Found a staircase to the Lair.
  8339 | D:10     | Received a gift from Okawaru
  8360 | D:10     | Got an ichor-stained robe {god gift}
  8426 | D:10     | Found Qeodis's Gadget Emporium.
  8691 | D:11     | Found a gate leading to a gauntlet.
  8720 | Gauntlet | Entered a Gauntlet
  8720 | Gauntlet | Found a transporter.
  8720 | Gauntlet | Noticed an obsidian statue
  8723 | Gauntlet | Found a transporter.
  8724 | Gauntlet | Found a transporter.
  8724 | Gauntlet | Noticed an orange crystal statue
  8725 | Gauntlet | Found a transporter.
  8728 | Gauntlet | Found a transporter.
  8729 | Gauntlet | Found a transporter.
  8737 | Gauntlet | Found a transporter.
  8737 | Gauntlet | Noticed a hell beast
  8743 | Gauntlet | Found a transporter.
  8752 | Gauntlet | Noticed a hell hog
  8805 | Gauntlet | Found a transporter.
  8810 | Gauntlet | Noticed a fire crab
  8818 | Gauntlet | Found a transporter.
  8822 | Gauntlet | Found a transporter.
  8824 | Gauntlet | Noticed a hell beast
  8839 | Gauntlet | Found a transporter.
  8990 | Gauntlet | Lost mutation: You are agile. (Dex +2) [potion of mutation]
  8990 | Gauntlet | Lost mutation: Your spells are a little harder to cast, but
                  | a little more powerful. [potion of mutation]
  8990 | Gauntlet | Gained mutation: You are robust. (+10% HP) [potion of
                  | mutation]
  8990 | Gauntlet | Gained mutation: You are agile. (Dex +2) [potion of
                  | mutation]
  8991 | Gauntlet | Lost mutation: You are agile. (Dex +2) [potion of mutation]
  8991 | Gauntlet | Lost mutation: You are robust. (+10% HP) [potion of
                  | mutation]
  8991 | Gauntlet | Gained mutation: You have sharp toenails. [potion of
                  | mutation]
  8991 | Gauntlet | Gained mutation: Scrolls take you a little longer to read.
                  | [potion of mutation]
  8991 | Gauntlet | Gained mutation: You are frail. (-10% HP) [potion of
                  | mutation]
  8991 | Gauntlet | Gained mutation: Your spells are a little harder to cast,
                  | but a little more powerful. [potion of mutation]
  8992 | Gauntlet | Lost mutation: Your spells are a little harder to cast, but
                  | a little more powerful. [potion of mutation]
  8992 | Gauntlet | Lost mutation: You are frail. (-10% HP) [potion of
                  | mutation]
  8992 | Gauntlet | Lost mutation: You have sharp toenails. [potion of
                  | mutation]
  8992 | Gauntlet | Lost mutation: Scrolls take you a little longer to read.
                  | [potion of mutation]
  8992 | Gauntlet | Gained mutation: You are frail. (-10% HP) [potion of
                  | mutation]
  8992 | Gauntlet | Gained mutation: You have a pair of large horns on your
                  | head. [potion of mutation]
  8992 | Gauntlet | Gained mutation: You are partially covered in yellow
                  | scales. (AC +2) [potion of mutation]
  9000 | Gauntlet | Noticed a tengu warrior
  9009 | Gauntlet | Killed an orange crystal statue
  9009 | Gauntlet | Reached XP level 12. HP: 88/99 MP: 11/11
  9048 | Gauntlet | Killed a hell beast
  9048 | Gauntlet | Reached skill level 11 in Shields
  9052 | Gauntlet | Got a pair of ichor-stained boots
  9119 | Gauntlet | Identified the +3 battleaxe "Pendulum" {vorpal, rC+ Int+4}
  9119 | Gauntlet | Noticed a minotaur
  9122 | Gauntlet | Killed a minotaur
  9131 | Gauntlet | Got a scorched amethyst amulet
  9147 | D:11     | Noticed a four-headed hydra
  9153 | D:11     | Killed a two-headed hydra
  9315 | D:11     | Noticed a two-headed ogre
  9325 | D:11     | Killed a two-headed ogre
  9476 | D:11     | Found a staircase to the Orcish Mines.
 10001 | D:12     | Reached skill level 12 in Shields
 10302 | D:12     | Received a gift from Okawaru
 10313 | D:12     | Identified the +2 pair of boots of the Forest {Dex+5
                  | Stlth-} (You found it in a Gauntlet)
 10501 | D:12     | Got a masterwork war axe
 10502 | D:12     | Identified the amulet of Gozag's Displeasure {Inacc rF+
                  | MR+} (You found it in a Gauntlet)
 10671 | D:13     | Found Ejeveff's General Store.
 10681 | D:13     | Reached skill level 15 in Long Blades
 10735 | D:13     | Noticed a vault guard
 10735 | D:13     | Noticed a vault guard
 10735 | D:13     | Noticed a vault guard
 10735 | D:13     | Noticed a vault guard
 10736 | D:13     | Found a gate to the Vaults.
 10736 | D:13     | Noticed a vault guard
 10736 | D:13     | Noticed a vault guard
 10736 | D:13     | Noticed a vault guard
 10737 | D:13     | Noticed a vault guard
 10755 | D:13     | Killed a vault guard
 10762 | D:13     | Killed a vault guard
 10766 | D:13     | Killed a vault guard
 10766 | D:13     | Reached skill level 1 in Stealth
 10766 | D:13     | Reached XP level 13. HP: 80/107 MP: 12/12
 11104 | D:13     | Received a gift from Okawaru
 11107 | D:13     | Got a transparent demon blade {god gift}
 11110 | D:13     | Identified the +11 demon blade of Okawaru {elec, Int+2}
                  | (Okawaru gifted it to you on level 13 of the Dungeon)
 11169 | D:13     | Reached skill level 13 in Shields
 11286 | D:13     | Found a frozen archway.
 11299 | IceCv    | Entered an ice cave
 11303 | IceCv    | Reached ****** piety under Okawaru
 11318 | IceCv    | Found a transporter.
 11334 | IceCv    | Found a transporter.
 11532 | IceCv    | Got a bloodstained hunting sling
 12365 | D:14     | Received a gift from Okawaru
 12403 | D:14     | Identified the +0 robe of Evolution {rN++ Dex+5} (Okawaru
                  | gifted it to you on level 10 of the Dungeon)
 12405 | D:14     | Identified the +6 hunting sling "Haeporog" {venom, Int-3
                  | Dex+5} (You found it in an ice cave)
 12478 | D:14     | Found a runed translucent door.
 12478 | D:14     | Noticed Ficoysum's ghost (journeyman GnWn)
 12831 | D:14     | Found a glowing silver altar of Zin.
 12831 | D:14     | Noticed a daeva
 12832 | D:14     | Found a runed translucent door.
 13167 | D:14     | Killed a daeva
 13167 | D:14     | Reached XP level 14. HP: 106/119 MP: 6/13
 13301 | D:15     | Entered Level 15 of the Dungeon
 13314 | D:15     | Reached skill level 1 in Invocations
 13580 | D:15     | Reached skill level 14 in Shields
 13604 | D:15     | Received a gift from Okawaru
 14071 | D:15     | Reached skill level 15 in Fighting
 14179 | D:15     | Found a staircase to the Depths.
 14433 | Lair:1   | Entered Level 1 of the Lair of Beasts
 14554 | Lair:1   | Received a gift from Okawaru
 15375 | Lair:2   | Found a staircase to the Snake Pit.
 15438 | Lair:2   | Identified the +4 war axe "Goenaw" {freeze, rElec rN+} (You
                  | found it on level 12 of the Dungeon)
 15528 | Lair:2   | Noticed Maggie
 15535 | Lair:2   | Killed Maggie
 15655 | Lair:2   | Identified the Guide on Bewitching Conjuration
 16437 | Lair:3   | You fall into a shaft and drop 3 floors!
 16437 | Lair:6   | Entered Level 6 of the Lair of Beasts
 16438 | Lair:6   | Reached XP level 15. HP: 126/126 MP: 15/15
 16486 | Lair:6   | Found a staircase to the Slime Pits.
 16691 | Lair:5   | Reached skill level 15 in Shields
 17199 | Lair:6   | Received a gift from Okawaru
 17837 | Lair:6   | Received a gift from Okawaru
 18202 | Lair:6   | Reached skill level 16 in Shields
 18941 | Lair:4   | Reached skill level 15 in Armour
 18949 | Lair:4   | Found a staircase to the Shoals.
 19492 | Orc:1    | Entered Level 1 of the Orcish Mines
 19493 | Orc:1    | Paralysed by an orc sorcerer for 6 turns
 19508 | Orc:1    | Noticed Gastronok
 19534 | Orc:1    | Killed Gastronok
 19534 | Orc:1    | Received a gift from Okawaru
 19534 | Orc:1    | Reached XP level 16. HP: 103/136 MP: 16/16
 19676 | Orc:1    | Found a runed translucent gate.
 19676 | Orc:1    | Noticed duckroller's ghost (journeyman HOMo)
 19677 | Orc:1    | Found a runed translucent gate.
 19678 | Orc:1    | Found a runed translucent gate.
 19687 | Orc:1    | Identified the +7 chain mail "Zuowe" {Harm rC- Str+4}
 19926 | Orc:1    | Found a roughly hewn altar of Beogh.
 19960 | Orc:1    | Killed duckroller's ghost
 20011 | Orc:1    | Got a scintillating steel ring
 20139 | Orc:2    | Entered Level 2 of the Orcish Mines
 20178 | Orc:2    | Noticed Saint Roka
 20214 | Orc:2    | Killed Saint Roka
 20267 | Orc:2    | HP: 3/139 [orc warrior/cursed -3 broad axe (26)]
 20619 | Orc:2    | Noticed Rupert
 20631 | Orc:2    | Killed Rupert
 20631 | Orc:2    | Reached skill level 17 in Shields
 20655 | Orc:2    | Noticed Sonja
 20667 | Orc:2    | Killed Sonja
 20918 | Orc:2    | Found Zilyasal's Gadget Shoppe.
 20918 | Orc:2    | Found Sirolaog's Antique Weapon Shop.
 20920 | Orc:2    | Found Apsut's Distillery.
 20922 | Orc:2    | Found Afao's Assorted Antiques.
 20934 | Orc:2    | Bought a bubbling silvery potion for 31 gold pieces
 20934 | Orc:2    | Bought a scroll of teleportation for 105 gold pieces
 20934 | Orc:2    | Bought a scroll of identify for 70 gold pieces
 20977 | Orc:2    | Found a staircase to the Elven Halls.
 21972 | Shoals:1 | Entered Level 1 of the Shoals
 22040 | Shoals:1 | Received a gift from Okawaru
 22048 | Shoals:2 | Noticed a kraken
 22059 | Shoals:2 | Killed a kraken
 23059 | Shoals:3 | Reached skill level 18 in Shields
 23110 | Shoals:3 | Reached XP level 17. HP: 125/146 MP: 18/18
 23119 | Shoals:3 | Received a gift from Okawaru
 23246 | Shoals:3 | Got a pair of brightly glowing gloves {god gift}
 23248 | Shoals:3 | Identified the ring "Ryoreer" {rElec rN++ Dex+6 Stlth+}
                  | (You found it on level 1 of the Orcish Mines)
 23249 | Shoals:3 | Identified the +2 pair of gloves "Soyri" {Int+7} (Okawaru
                  | gifted it to you on level 3 of the Shoals)
 23258 | Shoals:3 | Lost mutation: You are frail. (-10% HP) [potion of
                  | mutation]
 23258 | Shoals:3 | Lost mutation: You have a pair of large horns on your head.
                  | [potion of mutation]
 23258 | Shoals:3 | Lost mutation: You are partially covered in yellow scales.
                  | (AC +2) [potion of mutation]
 23258 | Shoals:3 | Gained mutation: Potions are less effective at restoring
                  | your health. [potion of mutation]
 23258 | Shoals:3 | Gained mutation: You evolve. [potion of mutation]
 23258 | Shoals:3 | Gained mutation: You have sharp toenails. [potion of
                  | mutation]
 23258 | Shoals:3 | Gained mutation: You are partially covered in rugged brown
                  | scales. (AC +1, +3% HP) [potion of mutation]
 24128 | Shoals:1 | Noticed Kirke
 24141 | Shoals:1 | Killed Kirke
 24616 | Shoals:4 | Entered Level 4 of the Shoals
 25513 | Shoals:4 | Got a barnacled rune of Zot
 25566 | Shoals:4 | Reached skill level 19 in Shields
 25642 | Shoals:4 | Gained mutation: You expend magic power (3 MP) to
                  | strengthen your wands. [evolution]
 25965 | Shoals:4 | Received a gift from Okawaru
 26252 | Snake:1  | Entered Level 1 of the Snake Pit
 26485 | Snake:1  | Upgraded the game from 0.26-a0-652-gafc20e3620 to
                  | 0.26-a0-660-gc07710193c
 26513 | Snake:1  | Lost mutation: You expend magic power (3 MP) to strengthen
                  | your wands. [potion of mutation]
 26513 | Snake:1  | Lost mutation: You have sharp toenails. [potion of
                  | mutation]
 26513 | Snake:1  | Lost mutation: You are partially covered in rugged brown
                  | scales. (AC +1, +3% HP) [potion of mutation]
 26513 | Snake:1  | Gained mutation: You have a pair of large horns on your
                  | head. [potion of mutation]
 26557 | Snake:1  | Noticed Nikola
 26557 | Snake:1  | Noticed Aizul
 26564 | Snake:1  | Killed Aizul
 26571 | Snake:1  | Killed Nikola
 26958 | Snake:2  | Reached XP level 18. HP: 171/174 MP: 19/19
 27365 | Snake:2  | Received a gift from Okawaru
 28196 | Snake:3  | Reached skill level 20 in Shields
 28643 | Snake:3  | Found Egakakes's Gadget Boutique.
 28643 | Snake:3  | Found Ucoiptue's Jewellery Shoppe.
 28644 | Snake:3  | Found Ated's Jewellery Shoppe.
 28653 | Snake:3  | Bought the amulet "Odghut" {RegenMP rPois Int+4} for 496
                  | gold pieces
 29143 | Snake:4  | Entered Level 4 of the Snake Pit
 29342 | Snake:4  | Found a runed translucent gate.
 29344 | Snake:4  | Found a runed translucent gate.
 29647 | Snake:4  | Found a runed translucent gate.
 29648 | Snake:4  | Noticed Psyclone's ghost (adept OpCj)
 29687 | Snake:4  | Received a gift from Okawaru
 29721 | Snake:4  | Noticed Bai Suzhen
 30065 | Snake:4  | Killed Bai Suzhen
 30317 | Snake:4  | Received a gift from Okawaru
 30475 | Snake:4  | Reached skill level 21 in Shields
 30549 | Snake:4  | Reached XP level 19. HP: 172/184 MP: 20/20
 30786 | Snake:4  | Gained mutation: You are partially covered in yellow
                  | scales. (AC +2) [evolution]
 31109 | Snake:4  | Got a serpentine rune of Zot
 31123 | Snake:4  | Reached skill level 5 in Dodging
 31256 | Snake:4  | Killed Psyclone's ghost
 31602 | Elf:1    | Entered Level 1 of the Elven Halls
 32137 | Elf:1    | Cast into level 3 of the Abyss (orc high priest)
 32407 | Abyss:3  | Received a gift from Okawaru
 32434 | Elf:1    | Escaped the Abyss
 32847 | Elf:1    | Reached skill level 22 in Shields
 33333 | Elf:1    | Received a gift from Okawaru
 34012 | Elf:2    | Reached XP level 20. HP: 176/195 MP: 21/21
 34305 | Elf:2    | Found a runed translucent gate.
 34305 | Elf:2    | Found a runed translucent gate.
 34305 | Elf:2    | Found a runed translucent gate.
 34806 | Elf:2    | Received a gift from Okawaru
 35054 | Elf:3    | Entered Level 3 of the Elven Halls
 35759 | Elf:3    | Identified the ring "Ukhlub" {Ice Str+2 Dex+2}
 35760 | Elf:3    | HP: 4/198 [deep elf blademaster/+0 rapier (9)]
 35762 | Elf:3    | Demolished by a deep elf blademaster

Illustrated notes

Levels and vault maps discovered:
D:1:      dpeg_arrival_simpleton_a, layout_loops_ring
D:2:      layout_basic, corexii_item_surrounded_by_moat,
          nemelex_xobeh_ov_fountains_minmay, uniq_natasha
D:3:      layout_loops_cross, lemuel_round_altar, minmay_parallelograms,
          hex_large, hangedman_decor_clover_reticule, minmay_close_crescents
D:4:      layout_loops_ring, minmay_temple_entry_statues_pillars,
          nicolae_elemental_shop, lemuel_tele_altar, uniq_crazy_yiuf_cottage,
          uniq_edmund
D:5:      minmay_spotlight, layout_loops_corners,
          riverfiend_overflow_shadow_ancestor, basic_altar
D:6:      layout_rooms, grunt_temple_overflow_forces_of_nature,
          nicolae_overflow_quartered_altars,
          chequers_temple_overflow_statue_of_worship, uniq_blork_the_orc,
          uniq_sigmund
D:7:      layout_basic, lemuel_crystal_altar, uniq_menkaure, uniq_pikel
D:8:      layout_basic, nicolae_transmutations_shop, uniq_psyche
D:9:      hangedman_cross_veins, layout_basic, grunt_ministairs_5
D:10:     minmay_curly_fans, layout_long_grid, due_lair_maze_entry_diamond,
          serial_shops, nicolae_shop_crystal
D:11:     layout_loops_cross, david_orc_2, gauntlet_entry_generic
D:12:     layout_irregular_city
D:13:     layout_basic, erik_vaults_2, serial_shops, nicolae_shop_waterfront,
          portal_ice_cave_entry_pillars_1, serial_ice, serial_ice_c,
          serial_ice_m, serial_ice_i, serial_ice_b, serial_ice_d, serial_ice_a
D:14:     lemuel_slime, layout_loops_ring, gammafunk_ghost_grave,
          lemuel_angel_altar
D:15:     gammafunk_enter_depths_forms, layout_rooms
Temple:   compressed_dpeg_triangle_lava_temple
Lair:1:   layout_roguey
Lair:2:   cheibrodos_lair_river_kwai, layout_loops_ring,
          minmay_snake_entry_six_corridors, minmay_lindwurm_lava, uniq_maggie
Lair:3:   layout_roguey, chequers_serial_rivers_marsh
Lair:4:   layout_regular_city, minmay_shoals_entry_beasts,
          bobbens_ice_dragon_lair
Lair:5:   layout_gridlike, grunt_megastairs_4
Lair:6:   hangedman_lair_caniforms_friends, layout_gridlike,
          hangedman_lair_tendril_chambers, minmay_slime_entry_pillars,
          minivault_25, serial_bayou_crossing
Shoals:1: layout_shoals, uniq_kirke
Shoals:2: layout_shoals
Shoals:3: layout_shoals, serial_shops, nicolae_shop_window_shopping
Shoals:4: shoals_end_hangedman, layout_shoals
Snake:1:  layout_misc_corridors, st_stairs_8, uniq_nikola, uniq_aizul
Snake:2:  layout_gridlike, nicolae_snake_round_shape_thing,
          hangedman_snake_corridor_split
Snake:3:  layout_layer_cave, minmay_shop_grove
Snake:4:  johnstein_snake_rune_scales, layout_cave_town,
          gammafunk_ghost_necromancy, uniq_bai_suzhen
Orc:1:    layout_caves, biasface_ghost_orc_armoury, uniq_gastronok
Orc:2:    st_orc_rangers, layout_diamond_mine, special_room, uniq_rupert,
          uniq_saint_roka, uniq_sonja
Elf:1:    minmay_the_grid_octo_triangle [minmay_the_grid_octo_checkerflower,
          minmay_the_grid_octo_prize_single_spiral, minmay_the_grid_octo_77],
          layout_onion_city, minivault_25_ag
Elf:2:    layout_geoelf_diagonals, onia_ninara_cookie
Elf:3:    minmay_elf_hall, layout_geoelf_octagon

Skill      XL: |  1  2  3  4  5  6  7  8  9 10 11 12 13 14 15 16 17 18 19 20 |
---------------+-------------------------------------------------------------+-----
Armour         | 4 5 6 8 10 11 12 13 14 15 16 17 | 17.6
Fighting       | 4 5 6 7 10 11 12 14 15 16 17 18 19 20 21 | 21.1
Long Blades    | 3 4 5 6 8 10 11 13 14 15 16 17 18 19 20 21 | 21.2
Shields        | 4 5 6 8 9 10 12 13 14 16 18 19 21 22 | 22.8
Dodging        | 1 2 3 4 5 |  5.7
Stealth        | 1 2 |  2.6
Invocations    | 2 3 |  3.4
Evocations     | |  0.8

Action                   |  1- 3 |  4- 6 |  7- 9 | 10-12 | 13-15 | 16-18 | 19-21 || total
-------------------------+-------+-------+-------+-------+-------+-------+-------++-------
Melee: Long sword        |   118 |   112 |   393 |   103 |       |       |       ||   726
       Headbutt          |    19 |    18 |    75 |   173 |   377 |   401 |   211 ||  1274
       Scimitar          |       |       |       |   384 |    31 |       |       ||   415
       Demon blade       |       |       |       |       |   958 |  1150 |   650 ||  2758
       Great sword       |       |       |       |       |    22 |       |       ||    22
Invok: Heroism           |       |       |     1 |     2 |     3 |     6 |     5 ||    17
       Finesse           |       |       |       |       |     2 |     1 |     1 ||     4
 Abil: Evoke Flight      |       |       |       |       |     2 |       |       ||     2
Evoke: Wand              |       |       |       |     1 |     3 |       |       ||     4
  Use: Scroll            |       |     4 |    10 |    13 |    27 |    16 |     6 ||    76
       Potion            |       |     1 |       |    11 |     2 |     9 |     4 ||    27
Armor: Scale mail        |    53 |    19 |       |       |       |       |       ||    72
       Plate armour      |       |    32 |   175 |   252 |   365 |   369 |     1 ||  1194
       Chain mail        |       |       |       |       |    33 |       |       ||    33
       Storm dragon scal |       |       |       |       |       |       |   119 ||   119
Dodge: Dodged            |    34 |    29 |    57 |    79 |   244 |   371 |   121 ||   935
Block: Kite shield       |    60 |    56 |   185 |   263 |   415 |   825 |       ||  1804
       Buckler           |       |       |       |    26 |   135 |       |       ||   161
       Reflection        |       |       |       |       |     3 |   174 |   128 ||   305
       Tower shield      |       |       |       |       |       |   343 |   628 ||   971
       Rpst.: Long sword |     8 |     8 |    19 |     3 |       |       |       ||    38
       Scimitar          |       |       |       |    16 |     5 |       |       ||    21
       Demon blade       |       |       |       |       |    57 |    59 |    12 ||   128

Table legend: (Time is in decaauts)
 A = Elapsed time spent in this place.
 B = Non-inter-level travel time spent in this place.
 C = Inter-level travel time spent in this place.
 D = Time resting spent in this place.
 E = Time spent auto-exploring this place.
 F = Levels seen in this place.
 G = Mean time per level.
                   A        B        C        D        E       F      G
               +--------+--------+--------+--------+--------+-----+--------+
         Total |  34898 |  32537 |   2361 |   4373 |  20946 |  38 |  918.4 |
       Dungeon |  13891 |  13055 |    836 |   1377 |   8890 |  15 |  926.1 |
        Temple |     15 |      8 |      7 |      0 |      0 |   1 |   15.0 |
          Lair |   5271 |   4633 |    638 |    167 |   3597 |   6 |  878.5 |
        Shoals |   3863 |   3616 |    247 |    740 |   1991 |   4 |  965.8 |
     Snake Pit |   4995 |   4794 |    201 |    834 |   2982 |   4 | 1248.8 |
  Orcish Mines |   2488 |   2183 |    305 |    498 |   1199 |   2 | 1244.0 |
   Elven Halls |   3487 |   3361 |    126 |    469 |   2127 |   3 | 1162.3 |
         Abyss |    266 |    266 |      0 |     71 |     35 |   1 |  266.0 |
      Ice Cave |    238 |    238 |      0 |    170 |      7 |   1 |  238.0 |
      Gauntlet |    378 |    378 |      0 |     45 |    117 |   1 |  378.0 |
               +--------+--------+--------+--------+--------+-----+--------+

Top non-repeatable levels by time:
 Snake:4: 2096 daAuts
Shoals:4: 1542 daAuts
  Lair:6: 1407 daAuts
   Elf:2: 1406 daAuts
   Elf:1: 1399 daAuts
   Orc:2: 1320 daAuts
    D:13: 1239 daAuts
   Orc:1: 1168 daAuts
     D:2: 1153 daAuts
 Snake:3: 1130 daAuts
    D:14: 1127 daAuts
     D:9: 1120 daAuts
  Lair:2: 1069 daAuts
     D:5: 1065 daAuts
 Snake:2: 1063 daAuts
